Flyers vs Red Wings
(R1)
Created - March 4, 2021 at 19:38
Goals
|
| Flyers |
1 |
4 |
1 |
6 |
| Red Wings |
3 |
2 |
3 |
8 |
|
Shots
|
| Flyers |
11 |
18 |
3 |
32 |
| Red Wings |
12 |
13 |
15 |
40 |
|
1st period
1. Flyers , Jakub Voracek 28 (Jeff Carter 36, Matt Smaby 15) at 9:53
2. Red Wings , Kris Versteeg 22 (Mike Richards 31) at 11:38
3. Red Wings , Connor Brown 25 (Evgeni Malkin 26, Kellan Lain 15) at 12:55
4. Red Wings , Petr Pohl 9 (Lasse Kukkonen 2) at 17:11
Penalties :
J.T. Miller (Phi) for Roughing (Minor) at 6:11, Jeff Woywitka (Phi) for Tripping (Minor) at 14:13, Lasse Kukkonen (Det) for Interference (Minor) at 19:26
2nd period
5. Flyers , Erik Christensen 11 (Chris Mcallister 19, Mats Zuccarello 17) at 2:57
6. Flyers , Jordan Nolan 23 (Marcus Kruger 24, Drew Miller 26) at 14:25
7. Flyers , Jordan Nolan 24 (Marcus Kruger 25, Jonathan Ericsson 17) at 18:31
8. Red Wings , David Krejci 13 (Jiri Fischer 14, Ryan O'Byrne 8) at 19:05
9. Red Wings , Marko Dano 16 (Kris Versteeg 23) at 19:32
10. Flyers , J.T. Miller 23 (Jakub Voracek 39, Jeff Carter 37) at 19:40
Penalties :
Jakub Voracek (Phi) for Hooking (Minor) at 11:55
3rd period
11. Red Wings , Ole-Kristian Tollefsen 5 (Kris Versteeg 24, Evgeni Malkin 27) at 0:35 (PP)
12. Red Wings , Mike Richards 21 (Connor Brown 25, Ole-Kristian Tollefsen 23) at 11:11 (PP)
13. Flyers , Marcus Kruger 13 (Jordan Nolan 34, Jeff Woywitka 19) at 12:00
14. Red Wings , Connor Brown 26 (Kellan Lain 16, Evgeni Malkin 28) at 13:28
Penalties :
Jeff Carter (Phi) for Goalie Interference (Minor) at 0:32, Darroll Powe (Det) for Hooking (Minor) at 6:39, Brian Lashoff (Phi) for Tripping (Minor) at 10:34, Jeff Carter (Phi) for Tripping (Minor) at 13:49
Goalie Stats
Steve Mason (Phi), 32 saves from 40 shots - (0.800), L, 22-21-6, 60:00 minutes
Josh Harding (Det), 26 saves from 32 shots - (0.813), W, 4-8-0, 60:00 minutes
Players Stats for Flyers
Player Name G A P +/- PIM S H SB GA TA FO MP PP MP PK MP
------------------------------------------------------------------------------------
Brian Lashoff 0 0 0 1 2 0 1 1 0 0 0/0 11:21 0:00 0:43
Brock Nelson 0 0 0 0 0 0 0 0 0 0 0/0 5:14 0:00 0:33
Chris Mcallister 0 1 1 0 0 2 2 0 0 0 0/0 13:45 0:00 1:43
Drew Miller 0 1 1 0 0 2 0 1 0 0 0/0 16:17 1:42 0:00
Dylan Olsen 0 0 0 0 0 0 0 0 0 0 0/0 3:19 0:00 0:00
Erik Christensen 1 0 1 0 0 7 2 0 0 0 4/5 14:52 0:00 2:34
J.T. Miller 1 0 1 0 2 4 5 2 1 0 2/3 22:14 2:16 4:14
Jakub Voracek 1 1 2 0 2 1 2 0 1 0 1/1 18:49 2:16 0:58
Jeff Carter 0 2 2 0 4 4 0 0 2 0 15/42 26:14 2:13 4:04
Jeff Woywitka 0 1 1 -2 2 0 1 3 1 2 0/0 25:41 2:48 4:20
Jonathan Ericsson 0 1 1 1 0 1 1 2 0 0 0/0 19:38 1:10 3:33
Jordan Nolan 2 1 3 0 0 6 2 2 0 0 10/16 18:49 1:42 3:01
Marcus Kruger 1 2 3 0 0 2 1 0 0 0 0/0 16:20 1:42 0:00
Mats Zuccarello 0 1 1 0 0 1 0 1 0 0 0/1 12:47 0:03 0:00
Matt Smaby 0 1 1 1 0 0 0 0 0 0 0/0 19:38 1:10 3:33
Nathan Beaulieu 0 0 0 1 0 0 0 0 0 0 0/0 10:38 0:00 0:00
Oliver Ekman-Larsson 0 0 0 -2 0 1 1 1 2 1 0/0 29:44 2:48 5:03
Tyler Randell 0 0 0 0 0 1 1 0 0 0 0/0 5:58 0:00 0:05
Players Stats for Red Wings
Player Name G A P +/- PIM S H SB GA TA FO MP PP MP PK MP
------------------------------------------------------------------------------------
Alex Picard 0 0 0 -2 0 2 1 0 1 0 1/1 10:59 0:00 1:00
Carson Mcmillan 0 0 0 -3 0 2 0 1 0 0 0/0 12:46 0:00 2:35
Connor Brown 2 1 3 1 0 7 2 1 0 0 0/0 19:52 3:06 0:00
Darroll Powe 0 0 0 0 2 0 2 1 0 2 3/4 10:34 0:00 1:30
David Krejci 1 0 1 -2 0 3 0 0 0 0 2/6 10:54 0:00 1:17
Evgeni Malkin 0 3 3 1 0 3 4 0 0 0 15/33 22:56 5:30 1:02
Jakub Kindl 0 0 0 0 0 0 2 0 0 0 0/0 10:59 0:00 0:34
Jiri Fischer 0 1 1 2 0 0 0 0 0 0 0/0 18:55 2:50 1:31
Kellan Lain 0 2 2 1 0 4 1 0 0 0 0/0 19:58 3:06 0:09
Kris Versteeg 1 2 3 1 0 2 0 1 0 0 3/3 17:48 5:30 0:00
Lasse Kukkonen 0 1 1 0 2 2 1 0 0 0 0/0 11:21 0:00 0:34
Marko Dano 1 0 1 1 0 3 2 0 0 2 0/2 17:30 5:20 0:00
Michael Haley 0 0 0 1 0 3 0 0 0 0 0/0 7:17 0:00 0:14
Mike Richards 1 1 2 1 0 4 0 0 0 0 11/17 15:52 3:06 0:09
Ole-Kristian Tollefsen 1 1 2 -2 0 2 1 3 0 1 0/0 30:06 5:46 1:53
Petr Pohl 1 0 1 0 0 1 1 0 0 0 1/2 9:12 0:10 0:00
Philip Samuelsson 0 0 0 -2 0 0 0 1 2 2 0/0 30:06 5:46 1:53
Ryan O'Byrne 0 1 1 2 0 2 1 0 0 0 0/0 18:55 2:50 1:31
3 Stars
1 - Connor Brown (Det)
2 - Jordan Nolan (Phi)
3 - Kris Versteeg (Det)
Power Play
Flyers - 0 on 2 Attempt(s) - 0.00%
Red Wings - 2 on 6 Attempt(s) - 33.33%
Penalty Kill
Flyers - 4 on 6 Attempt(s) - 66.67%
- Score 0 goal in Penalty Kill
Red Wings - 2 on 2 Attempt(s) - 100.00%
- Score 0 goal in Penalty Kill
Team Stat
Flyers - Hits : 19 - Faceoff Wins : 32 - Blocked Shots : 13 - Penalty Minutes : 12
Red Wings - Hits : 18 - Faceoff Wins : 36 - Blocked Shots : 8 - Penalty Minutes : 4
Official
Referees : Unknown
Linesman : Unknown
Game Notes
No Game Note
Finance
Level 1 -- Attendance: 5211 (86.85%) -- Ticket Income $557,577
Level 2 -- Attendance: 3848 (76.96%) -- Ticket Income $273,208
Level 3 -- Attendance: 1431 (71.55%) -- Ticket Income $68,688
Level 4 -- Attendance: 3121 (78.03%) -- Ticket Income $102,993
Luxury Box -- Attendance: 944 (94.40%) -- Ticket Income $179,360
Game was played at the Joe Louis Arena.
Total Attendance: 14555 (80.86%)
Total Ticket Income: $1,181,826
Other Income: $177,274
Total Income: $1,359,100
Flyers
5 vs 5 Forward
Center Left Wing Right Wing Time % Phy DF OF
1 Jeff Carter J.T. Miller Jakub Voracek 40 1 2 2
2 Jordan Nolan Drew Miller Marcus Kruger 30 1 2 2
3 Erik Christensen Chris Mcallister Mats Zuccarello 20 1 2 2
4 Jeff Carter Brock Nelson Tyler Randell 10 1 2 2
5 vs 5 Defense
Defense Defense Time % Phy DF OF
1 Oliver Ekman-Larsson Jeff Woywitka 40 1 2 2
2 Jonathan Ericsson Matt Smaby 30 1 2 2
3 Nathan Beaulieu Brian Lashoff 20 1 2 2
4 Dylan Olsen Oliver Ekman-Larsson 10 1 2 2
PowerPlay Forward
Center Left Wing Right Wing Time % Phy DF OF
1 Jeff Carter J.T. Miller Jakub Voracek 60 1 2 2
2 Jordan Nolan Drew Miller Marcus Kruger 40 1 2 2
PowerPlay Defense
Defense Defense Time % Phy DF OF
1 Oliver Ekman-Larsson Jeff Woywitka 60 1 2 2
2 Jonathan Ericsson Matt Smaby 40 1 2 2
Penalty Kill 4 Players Forward
Center Wing Time % Phy DF OF
1 Jeff Carter J.T. Miller 60 1 2 2
2 Jordan Nolan Jakub Voracek 40 1 2 2
Penalty Kill 4 Players Defense
Defense Defense Time % Phy DF OF
1 Oliver Ekman-Larsson Jeff Woywitka 60 1 2 2
2 Jonathan Ericsson Matt Smaby 40 1 2 2
Penalty Kill - 3 Players Forward
Forward Time % Phy DF OF
1 Jeff Carter 60 1 2 2
2 J.T. Miller 40 1 2 2
Penalty Kill - 3 Players Defense
Defense Defense Time % Phy DF OF
1 Oliver Ekman-Larsson Jeff Woywitka 60 1 2 2
2 Jonathan Ericsson Matt Smaby 40 1 2 2
4 vs 4 Forward
Center Wing Time % Phy DF OF
1 Jeff Carter J.T. Miller 60 1 2 2
2 Jordan Nolan Jakub Voracek 40 1 2 2
4 vs 4 Defense
Defense Defense Time % Phy DF OF
1 Oliver Ekman-Larsson Jeff Woywitka 60 1 2 2
2 Jonathan Ericsson Matt Smaby 40 1 2 2
Last Minutes Offensive
Center Left Wing Right Wing Defense Defense
Jeff Carter J.T. Miller Jakub Voracek Oliver Ekman-Larsson Jeff Woywitka
Last Minutes Defensive
Center Left Wing Right Wing Defense Defense
Jeff Carter J.T. Miller Jakub Voracek Oliver Ekman-Larsson Jeff Woywitka
Goaltenders
Starting : Steve Mason
Backup : Ray Emery
Extra Forwards
Normal : Mats Zuccarello, Chris Mcallister, Erik Christensen - PP : Mats Zuccarello, Chris Mcallister - PK : Erik Christensen
Extra Defensemen
Normal : Nathan Beaulieu, Brian Lashoff, Dylan Olsen - PP : Nathan Beaulieu - PK : Brian Lashoff, Dylan Olsen
Penalty Shots
Jeff Carter, J.T. Miller, Jordan Nolan, Jakub Voracek, Drew Miller
Scratches
Matthew Lombardi (Healthy), Ryan Callahan (Healthy), Victor Bartley (Healthy), Ilya Sorokin (Healthy)
Red Wings
5 vs 5 Forward
Center Left Wing Right Wing Time % Phy DF OF
1 Evgeni Malkin Kellan Lain Connor Brown 40 1 2 2
2 Mike Richards Marko Dano Kris Versteeg 30 1 2 2
3 David Krejci Alex Picard Carson Mcmillan 20 1 2 2
4 Darroll Powe Michael Haley Petr Pohl 10 1 2 2
5 vs 5 Defense
Defense Defense Time % Phy DF OF
1 Philip Samuelsson Ole-Kristian Tollefsen 40 1 2 2
2 Ryan O'Byrne Jiri Fischer 30 1 2 2
3 Lasse Kukkonen Jakub Kindl 20 1 2 2
4 Philip Samuelsson Ole-Kristian Tollefsen 10 1 2 2
PowerPlay Forward
Center Left Wing Right Wing Time % Phy DF OF
1 Evgeni Malkin Marko Dano Kris Versteeg 60 1 2 2
2 Mike Richards Kellan Lain Connor Brown 40 1 2 2
PowerPlay Defense
Defense Defense Time % Phy DF OF
1 Philip Samuelsson Ole-Kristian Tollefsen 60 1 2 2
2 Ryan O'Byrne Jiri Fischer 40 1 2 2
Penalty Kill 4 Players Forward
Center Wing Time % Phy DF OF
1 Darroll Powe Carson Mcmillan 60 1 2 2
2 Evgeni Malkin Michael Haley 40 1 2 2
Penalty Kill 4 Players Defense
Defense Defense Time % Phy DF OF
1 Philip Samuelsson Ole-Kristian Tollefsen 60 1 2 2
2 Ryan O'Byrne Jiri Fischer 40 1 2 2
Penalty Kill - 3 Players Forward
Forward Time % Phy DF OF
1 Carson Mcmillan 60 1 2 2
2 Michael Haley 40 1 2 2
Penalty Kill - 3 Players Defense
Defense Defense Time % Phy DF OF
1 Philip Samuelsson Ole-Kristian Tollefsen 60 1 2 2
2 Ryan O'Byrne Jiri Fischer 40 1 2 2
4 vs 4 Forward
Center Wing Time % Phy DF OF
1 Evgeni Malkin Kris Versteeg 60 1 2 2
2 Connor Brown Marko Dano 40 1 2 2
4 vs 4 Defense
Defense Defense Time % Phy DF OF
1 Philip Samuelsson Ole-Kristian Tollefsen 60 1 2 2
2 Ryan O'Byrne Jiri Fischer 40 1 2 2
Last Minutes Offensive
Center Left Wing Right Wing Defense Defense
Evgeni Malkin Marko Dano Kris Versteeg Philip Samuelsson Connor Brown
Last Minutes Defensive
Center Left Wing Right Wing Defense Defense
Evgeni Malkin Michael Haley Carson Mcmillan Philip Samuelsson Ole-Kristian Tollefsen
Goaltenders
Starting : Josh Harding
Backup : Robin Lehner
Extra Forwards
Normal : Petr Pohl, Alex Picard, David Krejci - PP : Petr Pohl, Alex Picard - PK : David Krejci
Extra Defensemen
Normal : Lasse Kukkonen, Jakub Kindl, Ryan O'Byrne - PP : Lasse Kukkonen - PK : Jakub Kindl, Ryan O'Byrne
Penalty Shots
Evgeni Malkin, Alex Picard, Mike Richards, Connor Brown, Carson Mcmillan
Scratches
Chuck Kobasew (Healthy), Matt Greene (Healthy)
% Time on Ice - Flyers
Lines # - Real PCT - Wanted PCT - Time Play
Normal Forward
1 - 34% - 40% - 16:02
2 - 33% - 30% - 15:51
3 - 23% - 20% - 10:52
4 - 10% - 10% - 4:41
Normal Defense
1 - 39% - 40% - 18:34
2 - 31% - 30% - 14:55
3 - 22% - 20% - 10:38
4 - 7% - 10% - 3:19
PP Forward
1 - 57% - 60% - 2:16
2 - 43% - 40% - 1:42
PP Defense
1 - 71% - 60% - 2:48
2 - 29% - 40% - 1:10
PK Forward
1 - 82% - 60% - 7:02
2 - 18% - 40% - 1:34
PK Defense
1 - 59% - 60% - 5:03
2 - 41% - 40% - 3:33
PK3 Forward
1 - 0% - 60%
2 - 0% - 40%
PK3 Defense
1 - 0% - 60%
2 - 0% - 40%
44 Forward
1 - 0% - 60%
2 - 0% - 40%
44 Defense
1 - 0% - 60%
2 - 0% - 40%
Last Minute Offensive - 0:00
Last Minute Defensive - 0:00
Total
Forward - 60:00
Defense - 60:00
|
% Time on Ice - Red Wings
Lines # - Real PCT - Wanted PCT - Time Play
Normal Forward
1 - 39% - 40% - 18:31
2 - 29% - 30% - 13:33
3 - 18% - 20% - 8:39
4 - 14% - 10% - 6:43
Normal Defense
1 - 42% - 40% - 19:44
2 - 31% - 30% - 14:34
3 - 22% - 20% - 10:25
4 - 6% - 10% - 2:43
PP Forward
1 - 64% - 60% - 5:30
2 - 36% - 40% - 3:06
PP Defense
1 - 67% - 60% - 5:46
2 - 33% - 40% - 2:50
PK Forward
1 - 94% - 60% - 3:44
2 - 6% - 40% - 0:14
PK Defense
1 - 62% - 60% - 2:27
2 - 38% - 40% - 1:31
PK3 Forward
1 - 0% - 60%
2 - 0% - 40%
PK3 Defense
1 - 0% - 60%
2 - 0% - 40%
44 Forward
1 - 0% - 60%
2 - 0% - 40%
44 Defense
1 - 0% - 60%
2 - 0% - 40%
Last Minute Offensive - 0:00
Last Minute Defensive - 0:00
Total
Forward - 60:00
Defense - 60:00
|
Play-by-Play
1st period
0:01 of 1st period - Evgeni Malkin wins face-off versus Jeff Carter in neutral zone.
1:32 of 1st period - Snap shot by Connor Brown.
1:32 of 1st period - Stopped by Steve Mason without a rebound.
1:33 of 1st period - Jeff Carter wins face-off versus Evgeni Malkin in Flyers zone.
1:33 of 1st period - Jeff Carter is hit by Evgeni Malkin.
1:41 of 1st period - Wrist shot by Connor Brown.
1:41 of 1st period - Shot Misses the Net.
1:59 of 1st period - Snap shot by Kellan Lain.
1:59 of 1st period - Stopped by Steve Mason without a rebound.
2:00 of 1st period - Erik Christensen wins face-off versus Mike Richards in Flyers zone.
2:05 of 1st period - Philip Samuelsson is hit by Erik Christensen and loses puck.
2:14 of 1st period - Wrist shot by Erik Christensen.
2:14 of 1st period - Shot Misses the Net.
2:16 of 1st period - Slapshot by Brian Lashoff.
2:16 of 1st period - Shot Blocked by Ole-Kristian Tollefsen.
2:18 of 1st period - Slapshot by Brian Lashoff.
2:18 of 1st period - Shot Misses the Net.
2:20 of 1st period - Slapshot by Brian Lashoff.
2:20 of 1st period - Shot Misses the Net.
2:22 of 1st period - Snap shot by Erik Christensen.
2:22 of 1st period - Stopped by Josh Harding without a rebound.
2:23 of 1st period - Jeff Carter wins face-off versus David Krejci in Red Wings zone.
2:30 of 1st period - Wrist shot by Jeff Carter.
2:30 of 1st period - Shot Misses the Net.
2:32 of 1st period - Wrist shot by Jeff Carter.
2:32 of 1st period - Shot Blocked by Carson Mcmillan.
2:34 of 1st period - Slapshot by Oliver Ekman-Larsson.
2:34 of 1st period - Deflect By Jeff Carter.
2:34 of 1st period - Shot Misses the Net.
2:34 of 1st period - Puck is out of play.
2:35 of 1st period - Jordan Nolan wins face-off versus Evgeni Malkin in Red Wings zone.
2:52 of 1st period - Snap shot by Drew Miller.
2:52 of 1st period - Shot Misses the Net.
3:02 of 1st period - Philip Samuelsson is hit by Tyler Randell and loses puck.
3:07 of 1st period - Snap shot by Jeff Carter.
3:07 of 1st period - Stopped by Josh Harding without a rebound.
3:08 of 1st period - Jeff Carter wins face-off versus Marko Dano in Red Wings zone.
3:19 of 1st period - Jeff Carter is hit by Jakub Kindl and loses puck.
3:24 of 1st period - Snap shot by Kris Versteeg.
3:24 of 1st period - Stopped by Steve Mason without a rebound.
3:25 of 1st period - J.T. Miller wins face-off versus David Krejci in Flyers zone.
4:40 of 1st period - Snap shot by Jeff Carter.
4:40 of 1st period - Stopped by Josh Harding with a rebound.
4:42 of 1st period - Snap shot by Oliver Ekman-Larsson.
4:42 of 1st period - Shot Misses the Net.
4:44 of 1st period - Wrist shot by Jeff Carter.
4:44 of 1st period - Shot Misses the Net.
5:00 of 1st period - Wrist shot by Drew Miller.
5:00 of 1st period - Deflect By Marcus Kruger.
5:00 of 1st period - Stopped by Josh Harding with a rebound.
5:28 of 1st period - Snap shot by Lasse Kukkonen.
5:28 of 1st period - Stopped by Steve Mason with a rebound.
6:11 of 1st period - Minor Penalty to J.T. Miller for Roughing.
6:12 of 1st period - Jeff Carter wins face-off versus Marko Dano in Flyers zone.
6:56 of 1st period - Slapshot by Connor Brown.
6:56 of 1st period - Shot Misses the Net.
8:11 of 1st period - Penalty to J.T. Miller is over, J.T. Miller is back on ice.
8:20 of 1st period - Snap shot by Marcus Kruger.
8:20 of 1st period - Deflect By Drew Miller.
8:20 of 1st period - Stopped by Josh Harding with a rebound.
9:13 of 1st period - Snap shot by Brock Nelson.
9:13 of 1st period - Deflect By Tyler Randell.
9:13 of 1st period - Deflect By Lasse Kukkonen.
9:13 of 1st period - Stopped by Josh Harding with a rebound.
9:33 of 1st period - Snap shot by Jordan Nolan.
9:33 of 1st period - Shot Blocked by Ole-Kristian Tollefsen.
9:45 of 1st period - Icing by Jeff Carter.
9:46 of 1st period - David Krejci wins face-off versus Jeff Carter in Flyers zone.
9:47 of 1st period - Snap shot by Carson Mcmillan.
9:47 of 1st period - Stopped by Steve Mason with a rebound.
9:53 of 1st period - Snap shot by Jakub Voracek.
9:53 of 1st period - Goal by Jakub Voracek - Flyers : 1 - Red Wings : 0.
9:54 of 1st period - Jeff Carter wins face-off versus Evgeni Malkin in neutral zone.
10:32 of 1st period - Wrist shot by Kris Versteeg.
10:32 of 1st period - Shot Misses the Net.
10:47 of 1st period - Chris Mcallister is hit by Ryan O'Byrne and loses puck.
11:34 of 1st period - Wrist shot by Evgeni Malkin.
11:34 of 1st period - Stopped by Steve Mason without a rebound.
11:35 of 1st period - Mike Richards wins face-off versus Mats Zuccarello in Flyers zone.
11:38 of 1st period - Slapshot by Kris Versteeg.
11:38 of 1st period - Goal by Kris Versteeg - Flyers : 1 - Red Wings : 1.
11:39 of 1st period - Jeff Carter wins face-off versus Evgeni Malkin in neutral zone.
11:44 of 1st period - Slapshot by Jeff Carter.
11:44 of 1st period - Shot Misses the Net.
11:46 of 1st period - Wrist shot by Jakub Voracek.
11:46 of 1st period - Shot Misses the Net.
11:48 of 1st period - Wrist shot by Jeff Carter.
11:48 of 1st period - Deflect By Jakub Voracek.
11:48 of 1st period - Shot Blocked by Philip Samuelsson.
11:48 of 1st period - Puck is out of play.
11:49 of 1st period - Evgeni Malkin wins face-off versus Jeff Carter in Red Wings zone.
11:49 of 1st period - Evgeni Malkin is hit by J.T. Miller.
12:55 of 1st period - Wrist shot by Connor Brown.
12:55 of 1st period - Goal by Connor Brown - Flyers : 1 - Red Wings : 2.
12:56 of 1st period - Jordan Nolan wins face-off versus Mike Richards in neutral zone.
13:01 of 1st period - Slapshot by Jordan Nolan.
13:01 of 1st period - Stopped by Josh Harding with a rebound.
13:29 of 1st period - Carson Mcmillan is hit by Chris Mcallister.
13:47 of 1st period - Wrist shot by Brock Nelson.
13:47 of 1st period - Shot Blocked by Ole-Kristian Tollefsen.
14:13 of 1st period - Minor Penalty to Jeff Woywitka for Tripping.
14:14 of 1st period - Jeff Carter wins face-off versus Evgeni Malkin in Flyers zone.
15:35 of 1st period - Slapshot by Evgeni Malkin.
15:35 of 1st period - Shot Misses the Net.
15:54 of 1st period - Slapshot by J.T. Miller.
15:54 of 1st period - Stopped by Josh Harding without a rebound.
15:55 of 1st period - Jordan Nolan wins face-off versus Mike Richards in Red Wings zone.
16:03 of 1st period - Icing by Kellan Lain.
16:04 of 1st period - Mike Richards wins face-off versus Jordan Nolan in Red Wings zone.
16:13 of 1st period - Penalty to Jeff Woywitka is over, Jeff Woywitka is back on ice.
16:30 of 1st period - Wrist shot by Connor Brown.
16:30 of 1st period - Shot Misses the Net.
16:38 of 1st period - Backhand shot by Connor Brown.
16:38 of 1st period - Stopped by Steve Mason without a rebound.
16:39 of 1st period - Jordan Nolan wins face-off versus David Krejci in Flyers zone.
16:46 of 1st period - Drew Miller is hit by Jakub Kindl and loses puck.
17:11 of 1st period - Wrist shot by Petr Pohl.
17:11 of 1st period - Goal by Petr Pohl - Flyers : 1 - Red Wings : 3.
17:12 of 1st period - Evgeni Malkin wins face-off versus Jeff Carter in neutral zone.
17:15 of 1st period - Snap shot by Evgeni Malkin.
17:15 of 1st period - Stopped by Steve Mason without a rebound.
17:16 of 1st period - Jeff Carter wins face-off versus Evgeni Malkin in Flyers zone.
17:25 of 1st period - Connor Brown is hit by Oliver Ekman-Larsson and loses puck.
17:50 of 1st period - Slapshot by Drew Miller.
17:50 of 1st period - Shot Misses the Net.
17:52 of 1st period - Slapshot by Oliver Ekman-Larsson.
17:52 of 1st period - Stopped by Josh Harding with a rebound.
18:10 of 1st period - Slapshot by Mats Zuccarello.
18:10 of 1st period - Shot Misses the Net.
18:48 of 1st period - Slapshot by Matt Smaby.
18:48 of 1st period - Shot Misses the Net.
18:50 of 1st period - Slapshot by Jordan Nolan.
18:50 of 1st period - Shot Misses the Net.
18:52 of 1st period - Wrist shot by Jordan Nolan.
18:52 of 1st period - Stopped by Josh Harding without a rebound.
18:53 of 1st period - Mike Richards wins face-off versus Jordan Nolan in Red Wings zone.
19:02 of 1st period - Snap shot by Mike Richards.
19:02 of 1st period - Stopped by Steve Mason without a rebound.
19:03 of 1st period - Mike Richards wins face-off versus Jeff Carter in Flyers zone.
19:14 of 1st period - Snap shot by Kris Versteeg.
19:14 of 1st period - Shot Blocked by Oliver Ekman-Larsson.
19:26 of 1st period - Minor Penalty to Lasse Kukkonen for Interference.
19:27 of 1st period - Darroll Powe wins face-off versus Jeff Carter in Red Wings zone.
19:54 of 1st period - Carson Mcmillan is hit by Marcus Kruger and loses puck.
Goals for this period are 1 for Flyers vs 3 for Red Wings.
Shots for this period are 11 for Flyers vs 12 for Red Wings.
2nd period
0:01 of 2nd period - Darroll Powe wins face-off versus Jeff Carter in neutral zone.
0:04 of 2nd period - Slapshot by Ole-Kristian Tollefsen.
0:04 of 2nd period - Stopped by Steve Mason with a rebound.
1:08 of 2nd period - Snap shot by Alex Picard.
1:08 of 2nd period - Stopped by Steve Mason without a rebound.
1:09 of 2nd period - Jordan Nolan wins face-off versus Darroll Powe in Flyers zone.
1:26 of 2nd period - Penalty to Lasse Kukkonen is over, Lasse Kukkonen is back on ice.
1:31 of 2nd period - Carson Mcmillan is hit by Chris Mcallister and loses puck.
1:47 of 2nd period - Snap shot by Carson Mcmillan.
1:47 of 2nd period - Shot Misses the Net.
1:49 of 2nd period - Slapshot by Carson Mcmillan.
1:49 of 2nd period - Stopped by Steve Mason with a rebound.
2:05 of 2nd period - Slapshot by Petr Pohl.
2:05 of 2nd period - Shot Blocked by Mats Zuccarello.
2:07 of 2nd period - Snap shot by Carson Mcmillan.
2:07 of 2nd period - Shot Misses the Net.
2:20 of 2nd period - Oliver Ekman-Larsson is hit by Darroll Powe and loses puck.
2:51 of 2nd period - Snap shot by Mats Zuccarello.
2:51 of 2nd period - Shot Misses the Net.
2:53 of 2nd period - Wrist shot by Chris Mcallister.
2:53 of 2nd period - Stopped by Josh Harding with a rebound.
2:55 of 2nd period - Slapshot by Erik Christensen.
2:55 of 2nd period - Stopped by Josh Harding with a rebound.
2:57 of 2nd period - Snap shot by Erik Christensen.
2:57 of 2nd period - Goal by Erik Christensen - Flyers : 2 - Red Wings : 3.
2:58 of 2nd period - Mike Richards wins face-off versus Jeff Carter in neutral zone.
3:25 of 2nd period - Jonathan Ericsson is hit by Evgeni Malkin and loses puck.
3:50 of 2nd period - Slapshot by Jonathan Ericsson.
3:50 of 2nd period - Stopped by Josh Harding without a rebound.
3:51 of 2nd period - Evgeni Malkin wins face-off versus Jeff Carter in Red Wings zone.
3:58 of 2nd period - Backhand shot by Connor Brown.
3:58 of 2nd period - Shot Hit the Post.
4:08 of 2nd period - Wrist shot by Philip Samuelsson.
4:08 of 2nd period - Shot Blocked by Jeff Woywitka.
4:25 of 2nd period - Icing by Jeff Woywitka.
4:26 of 2nd period - Jordan Nolan wins face-off versus Evgeni Malkin in Flyers zone.
4:37 of 2nd period - Wrist shot by Evgeni Malkin.
4:37 of 2nd period - Shot Misses the Net.
4:39 of 2nd period - Slapshot by Ole-Kristian Tollefsen.
4:39 of 2nd period - Shot Blocked by Jordan Nolan.
4:41 of 2nd period - Wrist shot by Kellan Lain.
4:41 of 2nd period - Stopped by Steve Mason with a rebound.
4:51 of 2nd period - Wrist shot by Mats Zuccarello.
4:51 of 2nd period - Stopped by Josh Harding with a rebound.
4:53 of 2nd period - Wrist shot by Erik Christensen.
4:53 of 2nd period - Stopped by Josh Harding with a rebound.
4:55 of 2nd period - Snap shot by Erik Christensen.
4:55 of 2nd period - Stopped by Josh Harding without a rebound.
4:56 of 2nd period - Erik Christensen wins face-off versus Mike Richards in Red Wings zone.
4:59 of 2nd period - Snap shot by Mats Zuccarello.
4:59 of 2nd period - Shot Blocked by Kris Versteeg.
5:07 of 2nd period - Snap shot by Mike Richards.
5:07 of 2nd period - Stopped by Steve Mason with a rebound.
5:32 of 2nd period - Wrist shot by David Krejci.
5:32 of 2nd period - Stopped by Steve Mason without a rebound.
5:33 of 2nd period - Jeff Carter wins face-off versus Evgeni Malkin in Flyers zone.
5:33 of 2nd period - Jeff Carter is hit by Evgeni Malkin.
5:45 of 2nd period - Snap shot by J.T. Miller.
5:45 of 2nd period - Deflect By Jakub Voracek.
5:45 of 2nd period - Shot Misses the Net.
5:45 of 2nd period - Puck is out of play.
5:46 of 2nd period - Jeff Carter wins face-off versus Evgeni Malkin in Red Wings zone.
5:47 of 2nd period - Wrist shot by J.T. Miller.
5:47 of 2nd period - Shot Blocked by Connor Brown.
6:07 of 2nd period - Jakub Voracek is hit by Connor Brown and loses puck.
6:26 of 2nd period - Wrist shot by Drew Miller.
6:26 of 2nd period - Stopped by Josh Harding without a rebound.
6:27 of 2nd period - Jordan Nolan wins face-off versus David Krejci in Red Wings zone.
7:38 of 2nd period - Snap shot by David Krejci.
7:38 of 2nd period - Shot Blocked by Brian Lashoff.
7:40 of 2nd period - Slapshot by Jiri Fischer.
7:40 of 2nd period - Shot Misses the Net.
7:42 of 2nd period - Slapshot by Ryan O'Byrne.
7:42 of 2nd period - Deflect By Chris Mcallister.
7:42 of 2nd period - Stopped by Steve Mason without a rebound.
7:43 of 2nd period - Evgeni Malkin wins face-off versus Jeff Carter in Flyers zone.
8:17 of 2nd period - Snap shot by Marko Dano.
8:17 of 2nd period - Shot Misses the Net.
8:35 of 2nd period - Matt Smaby is hit by Lasse Kukkonen and loses puck.
8:56 of 2nd period - Chris Mcallister is hit by Marko Dano and loses puck.
9:15 of 2nd period - Icing by Mats Zuccarello.
9:16 of 2nd period - Erik Christensen wins face-off versus Petr Pohl in Flyers zone.
9:52 of 2nd period - Wrist shot by Jeff Carter.
9:52 of 2nd period - Shot Misses the Net.
9:54 of 2nd period - Snap shot by J.T. Miller.
9:54 of 2nd period - Deflect By Jeff Carter.
9:54 of 2nd period - Shot Misses the Net.
9:54 of 2nd period - Puck is out of play.
9:55 of 2nd period - Mike Richards wins face-off versus Jordan Nolan in Red Wings zone.
10:06 of 2nd period - Wrist shot by Marko Dano.
10:06 of 2nd period - Shot Misses the Net.
10:08 of 2nd period - Slapshot by Ryan O'Byrne.
10:08 of 2nd period - Stopped by Steve Mason with a rebound.
10:22 of 2nd period - Jeff Carter is hit by Kellan Lain and loses puck.
10:51 of 2nd period - Slapshot by J.T. Miller.
10:51 of 2nd period - Stopped by Josh Harding without a rebound.
10:52 of 2nd period - Mike Richards wins face-off versus Jordan Nolan in Red Wings zone.
10:52 of 2nd period - Mike Richards is hit by Jordan Nolan.
11:47 of 2nd period - Icing by Michael Haley.
11:48 of 2nd period - Petr Pohl wins face-off versus J.T. Miller in Red Wings zone.
11:48 of 2nd period - Petr Pohl is hit by Jeff Woywitka.
11:55 of 2nd period - Minor Penalty to Jakub Voracek for Hooking.
11:56 of 2nd period - Evgeni Malkin wins face-off versus Jeff Carter in Flyers zone.
12:24 of 2nd period - Icing by Philip Samuelsson.
12:25 of 2nd period - Jeff Carter wins face-off versus Mike Richards in Red Wings zone.
12:26 of 2nd period - Wrist shot by J.T. Miller.
12:26 of 2nd period - Stopped by Josh Harding with a rebound.
13:03 of 2nd period - Off-side.
13:04 of 2nd period - Jordan Nolan wins face-off versus Mike Richards in neutral zone.
13:15 of 2nd period - Wrist shot by Erik Christensen.
13:15 of 2nd period - Stopped by Josh Harding with a rebound.
13:17 of 2nd period - Snap shot by Erik Christensen.
13:17 of 2nd period - Stopped by Josh Harding with a rebound.
13:37 of 2nd period - Snap shot by Marko Dano.
13:37 of 2nd period - Stopped by Steve Mason without a rebound.
13:38 of 2nd period - Evgeni Malkin wins face-off versus Jeff Carter in Flyers zone.
13:39 of 2nd period - Wrist shot by Marko Dano.
13:39 of 2nd period - Shot Blocked by Jonathan Ericsson.
13:41 of 2nd period - Slapshot by Kris Versteeg.
13:41 of 2nd period - Shot Hit the Post.
13:43 of 2nd period - Wrist shot by Marko Dano.
13:43 of 2nd period - Deflect By Jeff Carter.
13:43 of 2nd period - Shot Misses the Net.
13:43 of 2nd period - Puck is out of play.
13:44 of 2nd period - Evgeni Malkin wins face-off versus Jeff Carter in Flyers zone.
13:55 of 2nd period - Penalty to Jakub Voracek is over, Jakub Voracek is back on ice.
14:25 of 2nd period - Snap shot by Jordan Nolan.
14:25 of 2nd period - Goal by Jordan Nolan - Flyers : 3 - Red Wings : 3.
14:26 of 2nd period - Jeff Carter wins face-off versus Evgeni Malkin in neutral zone.
15:27 of 2nd period - Jonathan Ericsson is hit by Ole-Kristian Tollefsen and loses puck.
15:50 of 2nd period - Slapshot by J.T. Miller.
15:50 of 2nd period - Shot Misses the Net.
15:52 of 2nd period - Slapshot by Jonathan Ericsson.
15:52 of 2nd period - Shot Misses the Net.
16:07 of 2nd period - Off-side.
16:08 of 2nd period - Mike Richards wins face-off versus Jeff Carter in neutral zone.
16:28 of 2nd period - Snap shot by Kris Versteeg.
16:28 of 2nd period - Shot Misses the Net.
16:59 of 2nd period - Snap shot by Chris Mcallister.
16:59 of 2nd period - Stopped by Josh Harding with a rebound.
17:11 of 2nd period - David Krejci is hit by Jakub Voracek and loses puck.
17:20 of 2nd period - Snap shot by Jeff Carter.
17:20 of 2nd period - Stopped by Josh Harding with a rebound.
17:37 of 2nd period - Slapshot by Michael Haley.
17:37 of 2nd period - Shot Blocked by Drew Miller.
18:31 of 2nd period - Wrist shot by Jordan Nolan.
18:31 of 2nd period - Goal by Jordan Nolan - Flyers : 4 - Red Wings : 3.
18:32 of 2nd period - Jeff Carter wins face-off versus Evgeni Malkin in neutral zone.
18:37 of 2nd period - Snap shot by Jeff Carter.
18:37 of 2nd period - Stopped by Josh Harding with a rebound.
18:59 of 2nd period - Wrist shot by David Krejci.
18:59 of 2nd period - Stopped by Steve Mason with a rebound.
19:01 of 2nd period - Slapshot by Ryan O'Byrne.
19:01 of 2nd period - Shot Blocked by J.T. Miller.
19:03 of 2nd period - Slapshot by Jiri Fischer.
19:03 of 2nd period - Shot Blocked by J.T. Miller.
19:05 of 2nd period - Snap shot by David Krejci.
19:05 of 2nd period - Goal by David Krejci - Flyers : 4 - Red Wings : 4.
19:06 of 2nd period - Evgeni Malkin wins face-off versus Jeff Carter in neutral zone.
19:22 of 2nd period - Wrist shot by Evgeni Malkin.
19:22 of 2nd period - Deflect By Connor Brown.
19:22 of 2nd period - Stopped by Steve Mason without a rebound.
19:23 of 2nd period - Kris Versteeg wins face-off versus Jordan Nolan in Flyers zone.
19:24 of 2nd period - Snap shot by Mike Richards.
19:24 of 2nd period - Shot Blocked by Jordan Nolan.
19:26 of 2nd period - Snap shot by Marko Dano.
19:26 of 2nd period - Shot Misses the Net.
19:28 of 2nd period - Slapshot by Ole-Kristian Tollefsen.
19:28 of 2nd period - Deflect By Mike Richards.
19:28 of 2nd period - Shot Misses the Net.
19:28 of 2nd period - Puck is out of play.
19:29 of 2nd period - Kris Versteeg wins face-off versus Jordan Nolan in Flyers zone.
19:30 of 2nd period - Wrist shot by Marko Dano.
19:30 of 2nd period - Shot Blocked by Jeff Woywitka.
19:32 of 2nd period - Snap shot by Marko Dano.
19:32 of 2nd period - Deflect By Oliver Ekman-Larsson.
19:32 of 2nd period - Goal by Marko Dano - Flyers : 4 - Red Wings : 5.
19:33 of 2nd period - J.T. Miller wins face-off versus Evgeni Malkin in neutral zone.
19:40 of 2nd period - Slapshot by Jakub Voracek.
19:40 of 2nd period - Deflect By J.T. Miller.
19:40 of 2nd period - Goal by J.T. Miller - Flyers : 5 - Red Wings : 5.
19:41 of 2nd period - Mike Richards wins face-off versus Jeff Carter in neutral zone.
Goals for this period are 4 for Flyers vs 2 for Red Wings.
Shots for this period are 18 for Flyers vs 13 for Red Wings.
3rd period
0:01 of 3rd period - Jeff Carter wins face-off versus Evgeni Malkin in neutral zone.
0:20 of 3rd period - Evgeni Malkin is hit by J.T. Miller.
0:24 of 3rd period - Jakub Voracek is hit by Connor Brown and loses puck.
0:32 of 3rd period - Minor Penalty to Jeff Carter for Goalie Interference.
0:33 of 3rd period - Evgeni Malkin wins face-off versus Erik Christensen in Flyers zone.
0:33 of 3rd period - Snap shot by Kris Versteeg.
0:33 of 3rd period - Shot Blocked by Jeff Woywitka.
0:35 of 3rd period - Slapshot by Ole-Kristian Tollefsen.
0:35 of 3rd period - Goal by Ole-Kristian Tollefsen - Flyers : 5 - Red Wings : 6.
0:36 of 3rd period - Mike Richards wins face-off versus Jeff Carter in neutral zone.
0:39 of 3rd period - Snap shot by Marko Dano.
0:39 of 3rd period - Stopped by Steve Mason with a rebound.
0:45 of 3rd period - Mike Richards is hit by Jakub Voracek and loses puck.
1:02 of 3rd period - Jeff Woywitka is hit by Evgeni Malkin and loses puck.
2:28 of 3rd period - Kellan Lain is hit by Brian Lashoff and loses puck.
3:05 of 3rd period - Off-side.
3:06 of 3rd period - Jordan Nolan wins face-off versus Evgeni Malkin in neutral zone.
3:18 of 3rd period - Evgeni Malkin is hit by Jordan Nolan.
4:14 of 3rd period - Snap shot by Connor Brown.
4:14 of 3rd period - Stopped by Steve Mason with a rebound.
4:39 of 3rd period - Slapshot by Brian Lashoff.
4:39 of 3rd period - Deflect By Jordan Nolan.
4:39 of 3rd period - Stopped by Josh Harding with a rebound.
5:11 of 3rd period - Snap shot by Alex Picard.
5:11 of 3rd period - Stopped by Steve Mason with a rebound.
5:25 of 3rd period - Ole-Kristian Tollefsen is hit by J.T. Miller.
5:29 of 3rd period - Slapshot by Philip Samuelsson.
5:29 of 3rd period - Deflect By Michael Haley.
5:29 of 3rd period - Stopped by Steve Mason with a rebound.
5:45 of 3rd period - Snap shot by Drew Miller.
5:45 of 3rd period - Shot Misses the Net.
6:10 of 3rd period - Ole-Kristian Tollefsen is hit by Jonathan Ericsson and loses puck.
6:21 of 3rd period - Wrist shot by Jordan Nolan.
6:21 of 3rd period - Stopped by Josh Harding with a rebound.
6:31 of 3rd period - Jakub Voracek is hit by Darroll Powe and loses puck.
6:39 of 3rd period - Minor Penalty to Darroll Powe for Hooking.
6:40 of 3rd period - David Krejci wins face-off versus Jeff Carter in Red Wings zone.
8:29 of 3rd period - Ole-Kristian Tollefsen is hit by J.T. Miller and loses puck.
8:39 of 3rd period - Penalty to Darroll Powe is over, Darroll Powe is back on ice.
9:11 of 3rd period - Wrist shot by Michael Haley.
9:11 of 3rd period - Stopped by Steve Mason with a rebound.
9:51 of 3rd period - Wrist shot by Kris Versteeg.
9:51 of 3rd period - Shot Blocked by Jonathan Ericsson.
10:25 of 3rd period - Slapshot by Michael Haley.
10:25 of 3rd period - Stopped by Steve Mason without a rebound.
10:26 of 3rd period - Darroll Powe wins face-off versus Jeff Carter in Flyers zone.
10:34 of 3rd period - Minor Penalty to Brian Lashoff for Tripping.
10:35 of 3rd period - Kris Versteeg wins face-off versus Jeff Carter in Flyers zone.
11:11 of 3rd period - Wrist shot by Mike Richards.
11:11 of 3rd period - Goal by Mike Richards - Flyers : 5 - Red Wings : 7.
11:12 of 3rd period - Evgeni Malkin wins face-off versus Jeff Carter in neutral zone.
11:19 of 3rd period - Icing by Oliver Ekman-Larsson.
11:20 of 3rd period - Evgeni Malkin wins face-off versus Jeff Carter in Flyers zone.
11:23 of 3rd period - Wrist shot by Connor Brown.
11:23 of 3rd period - Stopped by Steve Mason without a rebound.
11:24 of 3rd period - Jeff Carter wins face-off versus Evgeni Malkin in Flyers zone.
11:28 of 3rd period - Off-side.
11:29 of 3rd period - Jakub Voracek wins face-off versus Evgeni Malkin in neutral zone.
11:38 of 3rd period - Snap shot by J.T. Miller.
11:38 of 3rd period - Shot Misses the Net.
11:58 of 3rd period - Snap shot by Marcus Kruger.
11:58 of 3rd period - Shot Misses the Net.
12:00 of 3rd period - Wrist shot by Marcus Kruger.
12:00 of 3rd period - Goal by Marcus Kruger - Flyers : 6 - Red Wings : 7.
12:01 of 3rd period - Evgeni Malkin wins face-off versus Jeff Carter in neutral zone.
12:35 of 3rd period - Wrist shot by Mike Richards.
12:35 of 3rd period - Shot Misses the Net.
12:37 of 3rd period - Wrist shot by Mike Richards.
12:37 of 3rd period - Stopped by Steve Mason without a rebound.
12:38 of 3rd period - Alex Picard wins face-off versus Jeff Carter in Flyers zone.
12:51 of 3rd period - Snap shot by Jakub Voracek.
12:51 of 3rd period - Shot Misses the Net.
13:06 of 3rd period - Off-side.
13:07 of 3rd period - Jordan Nolan wins face-off versus Evgeni Malkin in neutral zone.
13:26 of 3rd period - Snap shot by Kellan Lain.
13:26 of 3rd period - Stopped by Steve Mason with a rebound.
13:28 of 3rd period - Snap shot by Connor Brown.
13:28 of 3rd period - Goal by Connor Brown - Flyers : 6 - Red Wings : 8.
13:29 of 3rd period - Evgeni Malkin wins face-off versus Jeff Carter in neutral zone.
13:32 of 3rd period - Snap shot by Kellan Lain.
13:32 of 3rd period - Stopped by Steve Mason without a rebound.
13:33 of 3rd period - Evgeni Malkin wins face-off versus Jeff Carter in Flyers zone.
13:44 of 3rd period - Backhand shot by Evgeni Malkin.
13:44 of 3rd period - Stopped by Steve Mason without a rebound.
13:45 of 3rd period - Mike Richards wins face-off versus Jeff Carter in Flyers zone.
13:49 of 3rd period - Minor Penalty to Jeff Carter for Tripping.
13:50 of 3rd period - Erik Christensen wins face-off versus Evgeni Malkin in Flyers zone.
13:50 of 3rd period - Erik Christensen is hit by Marko Dano.
15:01 of 3rd period - Connor Brown is hit by J.T. Miller and loses puck.
15:36 of 3rd period - Ryan O'Byrne is hit by Erik Christensen and loses puck.
15:49 of 3rd period - Penalty to Jeff Carter is over, Jeff Carter is back on ice.
15:59 of 3rd period - Snap shot by Petr Pohl.
15:59 of 3rd period - Shot Misses the Net.
16:01 of 3rd period - Slapshot by Lasse Kukkonen.
16:01 of 3rd period - Stopped by Steve Mason with a rebound.
16:53 of 3rd period - Brian Lashoff is hit by Petr Pohl and loses puck.
18:14 of 3rd period - Dylan Olsen is hit by Alex Picard and loses puck.
19:50 of 3rd period - Slapshot by Jonathan Ericsson.
19:50 of 3rd period - Shot Blocked by Darroll Powe.
Goals for this period are 1 for Flyers vs 3 for Red Wings.
Shots for this period are 3 for Flyers vs 15 for Red Wings.